 Dungeon Crawl Stone Soup version 0.31-a0-233-g139696dc86 (webtiles) character file.

Game seed: 5245372701009630359

232 Shard1697 the Insei (level 6, -3/42 HPs)
             Began as a Djinni Transmuter on July 8, 2023.
             Was a Believer of Lugonu.
             Slain by a gnoll
             ... wielding a +0 flail
             ... led by a gnoll bouda
              (7 damage)
             ... on level 2 of the Dungeon.
             The game lasted 00:03:50 (2242 turns).

Shard1697 the Insei (Djinni Transmuter)             Turns: 2242, Time: 00:03:51

Health: -3/42      AC:  2    Str:  9    XL:     6   Next: 25%
Gold:   260        EV: 19    Int: 17    God:    Lugonu [**....] SH:  0 Dex: 18

rFire   . .          .
                       - Unarmed
rCold   . . .        (shield currently unavailable)
rNeg    . . .        a - melded +0 robe
rPois   ∞            (helmet currently unavailable)
rElec   .            o - melded +0 cloak
rCorr   .            h - melded +2 pair of gloves
SInv    .            (boots unavailable)
Will    .....        (no amulet)
Stlth   ++           (no ring)
HPRegen 0.27/turn    (no ring)
MPRegen 0.00/turn

%: infuse magic (-4 HP)
@: spider-form, flying
A: venomous fangs, flying, sickness immunity, tiny, (fire resistance 2), (cold
vulnerability 1), float, innate caster, HP casting, extra vitality 1
a: End Transformation, Renounce Religion, Depart the Abyss, Banish


You were on level 2 of the Dungeon.
You worshipped Lugonu.
Lugonu was pleased with you.
You were a venomous arachnid creature.
You visited 1 branch of the dungeon, and saw 3 of its levels.

You collected 260 gold pieces.

Inventory:

Armour
 a - a +0 robe (melded)
 h - a +2 pair of gloves (melded)
 o - a +0 cloak (melded)
Jewellery
 k - an amulet of regeneration
Scrolls
 f - a scroll of revelation {unknown}
 g - 4 scrolls of identify {unknown}
 i - a scroll of noise {unknown}
 j - a scroll of fear {unknown}
 l - a scroll of vulnerability {unknown}
 n - a scroll of enchant armour {unknown}
Potions
 b - a potion of lignification
 c - a potion of magic {unknown}
 d - 2 potions of mutation {unknown}
 e - a potion of attraction {unknown}
 m - a potion of invisibility {unknown}
 p - a potion of curing {unknown}


   Skills:
 - Level 1.0 Fighting
 - Level 2.1 Dodging
 * Level 5.0 Unarmed Combat
 * Level 3.6 Spellcasting
 * Level 3.6 Conjurations
 * Level 3.6 Hexes
   Level 0.0 Charms
 * Level 3.6 Summonings
 * Level 3.6 Necromancy
 * Level 3.6 Translocations
 * Level 3.6 Transmutations
 * Level 3.6 Fire Magic
 * Level 3.6 Ice Magic
 * Level 3.6 Air Magic
 * Level 3.6 Earth Magic
 * Level 3.6 Poison Magic
 + Level 0.8 Invocations


You knew the following spells:

 Your Spells              Type           Power      Damage    Failure   Level
a - Beastly Appendage     Tmut           30%        N/A       12%         1
b - Wereblood             Tmut           15%        N/A       16%         2
c - Spider Form           Tmut/Pois      15%        N/A       26%         3
d - Ice Form              Ice/Tmut       15%        N/A       58%         4
e - Sandblast             Erth           30%        2d9       12%         1
f - Passwall              Tmut/Erth      12%        N/A       16%         2
Your spell library was empty.

Dungeon Overview and Level Annotations

Branches:
Dungeon (3/15)

Altars:
Hepliaklqana
Lugonu


Innate Abilities, Weirdness & Mutations

You are a venomous arachnid creature.
You have venomous fangs.
You are tiny and dextrous.
You are flying.
Your spellcasting is less reliable in this form.
Your armour is entirely melded.
You are incapable of wielding weapons or throwing items.
You are immune to sickness and miasma.
You are immune to poison.
((Your flesh is very heat resistant. (rF++)))
((You are vulnerable to cold. (rC-)))
You float through the air rather than walking.
You learn spells naturally, not from books.
Your magical power is your life essence.
You have superior vitality. (+4 MHP)


Message History

The gnoll is heavily wounded.
Your transformation is almost over.
The gnoll closely misses you. x2
You kill the gnoll!
Lugonu accepts your kill.
Your Unarmed Combat skill increases to level 5!
The gnoll is no longer moving quickly.
Your transformation has ended.
Your +0 cloak unmelds from your body.
Your +2 pair of gloves unmelds from your body.
Your +0 robe unmelds from your body.
The gnoll attacks as you move away! The gnoll hits you with a +0 flail!
The gnoll attacks as you move away! The gnoll closely misses you.
The gnoll attacks as you move away! The gnoll barely misses you.
The gnoll attacks as you move away! The gnoll barely misses you.
The gnoll attacks as you move away! The gnoll closely misses you.
The gnoll attacks as you move away! The gnoll closely misses you.
The gnoll attacks as you move away! The gnoll hits you with a +0 flail.
A frilled lizard comes into view.
The frilled lizard hisses angrily.
The frilled lizard moves out of view.
The gnoll attacks as you move away! The gnoll hits you with a +0 flail.
The gnoll attacks as you move away! The gnoll hits you with a +0 flail.
* * * LOW HITPOINT WARNING * * *
Found a ring mail.
Found a stone staircase leading down.
There is a stone staircase leading up here.
The gnoll barely misses you.
The gnoll hits you from afar with a +0 spear.
* * * LOW HITPOINT WARNING * * *
You fly upwards.
There is a stone staircase leading down here.
Casting: Spider Form (dangerous; 11% risk of failure)
Confirm with . or Enter, or press ? or * to list all spells.
You turn into a venomous arachnid creature.
Your +0 cloak melds into your body.
Your +2 pair of gloves melds into your body.
Your +0 robe melds into your body.
* * * LOW HITPOINT WARNING * * *
The gnoll hits you with a +0 flail!
You die...

#.# #..##.########## #.#
######### #.###.....# #.##
#.......# #.# #####.#
#..###.......# ###^#######.#
##..##.......###...........#
###..'.......'.#.#.#########
# ####.......#.....# #
#.......##..g##########
#.......##.s..........#
#.......###'#########.#
##...........# #.#
#...........# #†#
#..........[##### #.######
##########......# #.#.....
######.# #.#.###. #.#
#.#<..#. #.# #.#.#.#.


You could see a gnoll.

Vanquished Creatures
  An ogre (D:3)
  A gnoll bouda (D:3)
  2 gnolls (D:3)
  5 adders
  A dart slug (D:1)
  4 orcs (D:3)
  4 ball pythons
  2 bats
  5 endoplasms
  2 giant cockroaches
  6 goblins
  5 jackals
  6 kobolds
  A quokka (D:3)
  4 frilled lizards
  2 rats
51 creatures vanquished.

Notes
Turn   | Place    | Note
-------+----------+-------------------------------------------
     0 | D:1      | Shard1697 the Djinni Transmuter began the quest for the
                  | Orb.
     0 | D:1      | Shard1697 set off with the following spells memorised:
                  | Beastly Appendage, Wereblood, Spider Form, Ice Form.
     0 | D:1      | Reached XP level 1. HP: 17/17 MP: 0/0
   187 | D:1      | Reached XP level 2. HP: 21/22 MP: 0/0
   858 | D:1      | Found a faded altar of an unknown god.
   866 | D:1      | Prayed at the altar of an unknown god.
   866 | D:1      | Became a worshipper of Lugonu the Unformed
   866 | D:1      | Reached * piety under Lugonu
   966 | D:2      | Reached XP level 3. HP: 27/27 MP: 0/0
   966 | D:2      | Learned a level 1 spell: Sandblast
  1247 | D:2      | Reached XP level 4. HP: 21/32 MP: 0/0
  1621 | D:3      | Reached skill level 4 in Unarmed Combat
  1679 | D:3      | Reached ** piety under Lugonu
  1770 | D:3      | Noticed an ogre
  1784 | D:3      | Killed an ogre
  1785 | D:3      | Reached XP level 5. HP: 13/37 MP: 0/0
  1785 | D:3      | Learned a level 2 spell: Passwall
  1960 | D:3      | Found a hazy altar of Hepliaklqana.
  2214 | D:3      | Reached XP level 6. HP: 30/42 MP: 0/0
  2222 | D:3      | Reached skill level 5 in Unarmed Combat
  2242 | D:2      | Slain by a gnoll

Illustrated notes

Levels and vault maps discovered:
D:1:      lemuel_arrival_cross, layout_basic, ebering_ecumenical_altar_hall
D:2:      layout_basic
D:3:      layout_basic, amcnicky_altar_gilded, chequers_serial_rivers_micro_a

Skill      XL: |  1  2  3  4  5  6 |
---------------+-------------------+-----
Unarmed Combat | 4 5 |  5.0
Spellcasting   | 3 |  3.6
Conjurations   | 3 |  3.6
Hexes          | 3 |  3.6
Summonings     | 3 |  3.6
Necromancy     | 3 |  3.6
Translocations | 3 |  3.6
Transmutations | 3 |  3.6
Fire Magic     | 3 |  3.6
Ice Magic      | 3 |  3.6
Air Magic      | 3 |  3.6
Earth Magic    | 3 |  3.6
Poison Magic   | 3 |  3.6
Fighting       | |  1.0
Dodging        | |  2.1
Invocations    | |  0.8

Action                     |  1- 3 |  4- 6 || total
---------------------------+-------+-------++-------
  Melee: Unarmed           |    99 |    96 ||   195
         Headbutt          |     7 |     7 ||    14
         Punch             |     2 |     1 ||     3
   Cast: Beastly Appendage |    10 |     3 ||    13
         Spider Form       |       |     4 ||     4
         Wereblood         |       |     1 ||     1
 Armour: Robe              |    24 |    23 ||    47
         Skin              |       |     1 ||     1
  Dodge: Dodged            |    67 |    77 ||   144

Table legend: (Time is in decaauts)
 A = Elapsed time spent in this place.
 B = Non-inter-level travel time spent in this place.
 C = Inter-level travel time spent in this place.
 D = Time resting spent in this place.
 E = Time spent auto-exploring this place.
 F = Levels seen in this place.
 G = Mean time per level.
                   A        B        C        D        E       F      G
               +--------+--------+--------+--------+--------+-----+--------+
         Total |   2227 |   2163 |     64 |    134 |   1501 |   3 |  742.3 |
       Dungeon |   2227 |   2163 |     64 |    134 |   1501 |   3 |  742.3 |
               +--------+--------+--------+--------+--------+-----+--------+

Top non-repeatable levels by time:
     D:1: 925 daAuts
     D:3: 671 daAuts
     D:2: 631 daAuts
